 Dungeon Crawl Stone Soup version 0.24-a0-201-gf2055891f0 (webtiles) character file.

Game seed: 15459574752144118756

12686 Orphidia the Cleaver (level 11, -6/104 HPs)
             Began as a Purple Draconian Gladiator on Mar 20, 2019.
             Was a Believer of Makhleb.
             Mangled by a cyclops (29 damage)
             ... on level 11 of the Dungeon.
             The game lasted 00:27:35 (14292 turns).

Orphidia the Cleaver (Purple Draconian Gladiator)  Turns: 14292, Time: 00:27:36

Health: -6/104     AC: 12    Str: 16    XL:     11   Next: 65%
Magic:  14/14      EV: 13    Int:  9    God:    Makhleb [**....]
Gold:   717        SH:  0    Dex: 16    Spells: 10/10 levels left

rFire    . . .     SeeInvis .   x - +3 war axe (elec)
rCold    . . .     Gourm    .   (no shield)
rNeg     . . .     Faith    .   (armour unavailable)
rPois    .         Spirit   .   b - +2 hat
rElec    .         Reflect  .   A - +2 cloak {MR+}
rCorr    .         Harm     .   (no gloves)
MR       ++...                  (no boots)
Stlth    +.........             E - amulet of regeneration
HPRegen  0.67/turn              (no ring)
MPRegen  0.14/turn              (no ring)

@: studying Fire Magic, lightly drained
A: breathe power, unfitting armour, cold-blooded, AC +7
a: Breathe Dispelling Energy, Minor Destruction, Renounce Religion


You were on level 11 of the Dungeon.
You worshipped Makhleb.
Makhleb was pleased with you.
You were not hungry.

You visited 2 branches of the dungeon, and saw 12 of its levels.

You collected 717 gold pieces.


Innate Abilities, Weirdness & Mutations

You can breathe bolts of dispelling energy.
Your rich purple scales are hard. (AC +7)
You cannot fit into any form of body armour.
You are cold-blooded and may be slowed by cold attacks.


   Skills:
 - Level 12.2(11.6) Fighting
 - Level 14.1(13.4) Axes
 - Level 1.7(1.2) Throwing
 - Level 2.6(2.1) Dodging
 + Level 4.9(4.3) Evocations


You had 10 spell levels left.
You didn't know any spells.
Your spell library contained the following spells:

 Spells                   Type           Power        Failure   Level  Hunger
 Animate Skeleton         Necr           N/A          38%         1    ##.....
 Apportation              Tloc           #.....       38%         1    ##.....
 Beastly Appendage        Tmut           #.....       38%         1    ##.....
 Confusing Touch          Hex            #.....       38%         1    ##.....
 Flame Tongue             Conj/Fire      #....        38%         1    ##.....
 Summon Small Mammal      Summ           #...         38%         1    ##.....
 Sticks to Snakes         Tmut           #.......     52%         2    ###....
 Throw Flame              Conj/Fire      #.....       52%         2    ###....
 Call Canine Familiar     Summ           #.......     77%         3    ####...
 Conjure Flame            Conj/Fire      #.......     77%         3    ####...
 Inner Flame              Hex/Fire       #.......     77%         3    ####...
 Recall                   Summ/Tloc      N/A          77%         3    ####...
 Spectral Weapon          Hex/Chrm       #.......     77%         3    ####...
 Spider Form              Tmut/Pois      #.........   77%         3    ####...
 Ice Form                 Ice/Tmut       #.......     99%         4    #####..
 Sticky Flame             Conj/Fire      #.......     99%         4    #####..
 Blade Hands              Tmut           #.........   100%        5    ######.
 Excruciating Wounds      Chrm/Necr      #.........   100%        5    ######.
 Fireball                 Conj/Fire      #.........   100%        5    ######.
 Deflect Missiles         Chrm/Air       #.........   100%        6    #######

Action                   |  1- 3 |  4- 6 |  7- 9 | 10-12 || total
-------------------------+-------+-------+-------+-------++-------
Melee: War axe           |    97 |   123 |       |   348 ||   568
       Tailslap          |     9 |    18 |    61 |    51 ||   139
       Whip              |       |    19 |   187 |       ||   206
       Hand axe          |       |       |   221 |    55 ||   276
Throw: Tomahawk          |       |       |    18 |     1 ||    19
       Throwing net      |       |       |     9 |     2 ||    11
 Abil: Breathe Dispellin |       |       |     8 |     1 ||     9
  Use: Scroll            |     3 |     4 |    10 |     8 ||    25
       Potion            |       |     3 |     3 |     1 ||     7
 Stab: Sleeping          |     1 |     1 |     2 |     2 ||     6
       Invisible         |       |     2 |       |       ||     2
       Held in net/web   |       |       |     6 |       ||     6
       Distracted        |       |       |       |     1 ||     1
  Eat: Chunk             |     2 |     9 |    13 |     7 ||    31
       Ration            |       |       |     1 |     5 ||     6
Armor: Skin              |    32 |    38 |   135 |   149 ||   354
Dodge: Dodged            |    85 |   107 |   252 |   207 ||   651

Inventory:

Hand Weapons
 h - a +3 battleaxe of freezing
 x - a +3 war axe of electrocution (weapon)
Missiles
 c - 2 throwing nets (quivered)
 e - 11 tomahawks of returning
 p - 18 tomahawks
Armour
 b - a +2 hat (worn)
 A - a +2 cloak of magic resistance (worn)
Jewellery
 E - an amulet of regeneration (around neck)
Wands
 a - a wand of disintegration (16)
 j - a wand of flame (4)
 m - a wand of polymorph (9)
 z - a wand of iceblast (8)
Scrolls
 f - 3 scrolls of remove curse
 g - 2 scrolls of magic mapping
 n - 4 scrolls of teleportation
 u - a scroll of enchant weapon
 w - a scroll of enchant armour
 y - 2 scrolls of blinking
 B - 2 scrolls of fear
Potions
 i - 4 potions of curing
 k - 2 potions of flight
 o - 2 potions of brilliance
 r - 2 potions of might
 s - 3 potions of invisibility
 t - a potion of magic
 C - a potion of agility
 D - a potion of lignification
 F - a potion of mutation {unknown}
 G - a potion of haste {unknown}
Books
 q - a manual of Fire Magic
Miscellaneous
 v - a phial of floods
Comestibles
 d - 17 rations
 l - 16 chunks of flesh {@w1}

......................#
.########.....######..#
.# #.....# ..# .#
#.....# .. .# #.....# ..
.########.....+ ...
..............######....
........................
................@C......
........<...(...........
############............
# #(........... #
#...######### #...#
#.### #.# ###


You could see a cyclops.

Vanquished Creatures
  A two-headed ogre (D:9)
  Erolcha (D:11)
  Sonja (D:11)
  A cyclops (D:11)
  A kobold demonologist (D:8)
  A troll (D:6)
  Prince Ribbit (D:8)
  3 hippogriffs
  2 dream sheep (D:9)
  3 yaks
  A wraith (D:10)
  3 hungry ghosts
  Menkaure (D:7)
  A water moccasin (D:9)
  3 ice beasts
  5 porcupines (D:10)
  4 orc warriors
  2 sky beasts
  A slave (D:4)
  2 black bears (D:6)
  4 phantoms
  2 necrophages
  7 ogres
  5 centaurs
  A crocodile (D:10)
  5 big kobolds
  11 bullfrogs
  4 scorpions
  2 water moccasin skeletons
  8 killer bees
  16 wights
  2 howler monkeys
  10 crimson imps
  2 bullfrog zombies (D:7)
  A centaur zombie (D:7)
  2 quasits
  A jelly (D:5)
  2 orc priests
  9 hounds
  4 bullfrog skeletons
  Crazy Yiuf (D:7)
  13 orc wizards
  3 iguanas (D:6)
  Natasha (thrice) (D:2)
  7 worker ants
  A killer bee zombie (D:7)
  A hound zombie (D:7)
  2 hound skeletons
  2 worker ant zombies
  4 gnolls
  15 adders
  5 shadow imps
  An adder zombie (D:9)
  2 oozes
  An adder skeleton (D:9)
  3 worms
  A dart slug (D:1)
  13 leopard geckos
  38 orcs
  5 bats
  5 giant cockroaches
  8 goblins
  5 hobgoblins
  20 jackals
  6 quokkas
  11 frilled lizards
  A giant cockroach zombie (D:6)
  8 kobolds
  A quokka skeleton (D:9)
  5 rats
327 creatures vanquished.

Vanquished Creatures (others)
  Pikel (D:4)
  3 slaves (D:4)
  A centaur (D:4)
  A scorpion (D:4)
  An orc priest (D:4)
  An adder (D:4)
  A leopard gecko (D:4)
  4 orcs (D:4)
  2 jackals (D:4)
  8 fungi (D:10)
  2 plants (D:10)
25 creatures vanquished.

Grand Total: 352 creatures vanquished

Levels and vault maps discovered:
D:1:      dpeg_arrival_rhombi, layout_basic, minmay_indecisive_spiral
D:2:      layout_loops_ring, lemuel_coloured_pillars_altar, minivault_27,
          uniq_natasha
D:3:      layout_loops_corners
D:4:      layout_loops_ring, kennysheep_little_box, zin_academy,
          minmay_manual_mares, uniq_pikel
D:5:      layout_rooms, first_ration
D:6:      layout_basic, kennysheep_mini_moat, grunt_dithmenos_shadows,
          minmay_circle_x
D:7:      minmay_the_grid_octo_tiled_octocenter [minmay_the_grid_octo_checkered,
          minmay_the_grid_octo_pinwheel, minmay_the_grid_octo_clover,
          minmay_the_grid_octo_fan_narrow, minmay_the_grid_octo_prize_star,
          minmay_the_grid_square_5x5_plus, minmay_the_grid_square_5x5_two_small,
          minmay_the_grid_square_5x5_empty, minmay_the_grid_square_5x5_three],
          layout_gridville, dancing_weapons_uskayaw, minmay_temple_entry_hall,
          uniq_crazy_yiuf_cottage, uniq_menkaure
D:8:      layout_cave_pools, bloody_makhleb, overflow_temple_1_default,
          uniq_prince_ribbit1
D:9:      layout_roguey, lemuel_blue_sif_altar,
          chequers_temple_overflow_minitemple, hangedman_ranch
          [blue_anna_fruit_fields], onia_ninara_cookie
D:10:     layout_irregular_city, due_lair_maze_entry_diamond, uniq_josephine
D:11:     layout_irregular_city, uniq_sonja, uniq_erolcha
Temple:   compressed_dpeg_triangle_lava_temple


Message History

You hit the cyclops. Lightning courses through the cyclops!
You tail-slap the cyclops, but do no damage.
The cyclops is moderately wounded.
The cyclops hits you!
You slash the cyclops!
The cyclops is heavily wounded.
The cyclops hits you!!
* * * LOW HITPOINT WARNING * * *
You hit the cyclops but do no damage. You tail-slap the cyclops.
The cyclops is heavily wounded.
You completely miss the cyclops.
You tail-slap the cyclops, but do no damage.
The cyclops is heavily wounded.
The cyclops misses you.
You barely miss the cyclops.
The cyclops is heavily wounded.
You hit the cyclops. Lightning courses through the cyclops!!
The cyclops is almost dead.
The cyclops hits you!!
You die...

Notes
Turn   | Place    | Note
-------+----------+-------------------------------------------
     0 | D:1      | Orphidia the Draconian Gladiator began the quest for the
                  | Orb.
     0 | D:1      | Reached XP level 1. HP: 17/17 MP: 1/1
   438 | D:1      | Reached XP level 2. HP: 21/24 MP: 2/2
   739 | D:1      | Reached skill level 4 in Axes
  1137 | D:2      | Reached XP level 3. HP: 29/29 MP: 3/3
  1252 | D:2      | Noticed Natasha
  1262 | D:2      | Killed Natasha
  1552 | D:2      | Found a snail-covered altar of Cheibriados.
  1613 | D:2      | Reached XP level 4. HP: 20/36 MP: 4/4
  1687 | D:2      | Noticed Natasha
  1696 | D:2      | Killed Natasha
  1696 | D:2      | Reached skill level 5 in Axes
  1779 | D:2      | Noticed Natasha
  1787 | D:2      | Killed Natasha
  2427 | D:3      | Reached XP level 5. HP: 41/41 MP: 5/5
  2760 | D:3      | Reached skill level 6 in Axes
  3864 | D:4      | Noticed a hippogriff
  3916 | D:4      | Noticed a centaur
  3916 | D:4      | Noticed a slave
  3917 | D:4      | Noticed a slave
  3917 | D:4      | Noticed a centaur
  3918 | D:4      | Noticed Pikel
  3922 | D:4      | Noticed a slave
  3923 | D:4      | Killed a slave
  3924 | D:4      | Killed a centaur
  3924 | D:4      | Reached XP level 6. HP: 39/48 MP: 6/6
  3928 | D:4      | Killed Pikel
  3928 | D:4      | Reached skill level 7 in Axes
  3931 | D:4      | Noticed a freed slave
  4020 | D:4      | Killed a freed slave
  4210 | D:4      | Killed a freed slave
  4379 | D:4      | Killed a freed slave
  4388 | D:4      | Killed a hippogriff
  4388 | D:4      | Reached skill level 8 in Axes
  4388 | D:4      | Your scales start taking on a rich purple colour.
  4388 | D:4      | Reached XP level 7. HP: 34/55 MP: 7/7
  4621 | D:4      | Found a glowing silver altar of Zin.
  4786 | D:4      | Found a glowing golden altar of the Shining One.
  4888 | D:5      | Entered Level 5 of the Dungeon
  4947 | D:5      | Reached skill level 9 in Axes
  5212 | D:5      | Reached XP level 8. HP: 61/61 MP: 8/8
  5225 | D:5      | Reached skill level 10 in Axes
  5588 | D:6      | Reached skill level 5 in Fighting
  5940 | D:5      | HP: 3/68 [orc warrior/+0 hand axe (17)]
  6404 | D:6      | Reached XP level 9. HP: 41/79 MP: 9/9
  6912 | D:6      | Found a stormy altar of Qazlal.
  7000 | D:6      | Found a shadowy altar of Dithmenos.
  8614 | D:7      | Noticed a troll
  8614 | D:7      | Noticed Menkaure
  8630 | D:6      | Killed a troll
  8630 | D:6      | Reached skill level 10 in Fighting
  8778 | D:7      | Killed Menkaure
  8937 | D:7      | Identified Doahoud's Handbook of Self-Improvement and
                  | Slavery
  9057 | D:6      | Reached XP level 10. HP: 27/96 MP: 10/10
  9376 | D:7      | Found a hide-covered altar of Uskayaw.
 10302 | D:7      | Found a staircase to the Ecumenical Temple.
 10313 | Temple   | Entered the Ecumenical Temple
 10619 | D:7      | Noticed a +0 hand axe
 10620 | D:7      | Noticed a +0 hand axe
 10671 | D:7      | Found a runed translucent door.
 10672 | D:7      | Noticed Crazy Yiuf
 10678 | D:7      | Killed Crazy Yiuf
 10794 | D:8      | Found a hazy altar of Hepliaklqana.
 10817 | D:8      | Reached skill level 11 in Axes
 11093 | D:8      | Noticed Prince Ribbit
 11107 | D:8      | Killed Prince Ribbit
 11197 | D:8      | Found a burning altar of Makhleb.
 11204 | D:8      | Reached skill level 12 in Axes
 11555 | D:9      | Found a sacrificial altar of Ru.
 11555 | D:9      | Found an iron altar of Okawaru.
 11560 | D:9      | Found a bloodstained altar of Trog.
 11562 | D:9      | Found an ancient bone altar of Kikubaaqudgha.
 11563 | D:9      | Found a faded altar of an unknown god.
 11766 | D:9      | Noticed a two-headed ogre
 11773 | D:9      | Killed a two-headed ogre
 11773 | D:9      | Reached XP level 11. HP: 101/103 MP: 11/11
 11935 | D:9      | Found a deep blue altar of Sif Muna.
 12079 | D:9      | Reached skill level 13 in Axes
 12475 | D:10     | Entered Level 10 of the Dungeon
 12565 | D:8      | Became a worshipper of Makhleb the Destroyer
 13121 | D:10     | Reached * piety under Makhleb
 13204 | D:10     | Found a staircase to the Lair.
 13679 | D:11     | Noticed Sonja
 13691 | D:11     | Killed Sonja
 13691 | D:11     | Reached skill level 14 in Axes
 14089 | D:11     | Noticed Erolcha
 14095 | D:11     | Killed Erolcha
 14279 | D:11     | Reached ** piety under Makhleb
 14292 | D:11     | Mangled by a cyclops
